 Dungeon Crawl Stone Soup version 0.31.0-9-g3a7656b989 (console) character file.

Game seed: 7028249075465077075

9566 Coaxmetal the Grappler (level 11, -4/86 HPs)
             Began as a Formicid Cinder Acolyte on Jan 24, 2024.
             Was a Priest of Ignis.
             Slain by Snorg (8 damage)
             ... on level 11 of the Dungeon.
             The game lasted 00:34:45 (14137 turns).

Coaxmetal the Grappler (Formicid Cinder Acolyte)   Turns: 14137, Time: 00:34:45

Health: -4/86      AC: 16    Str: 25    XL:     11   Next: 76%
Magic:  13/14      EV: 12    Int: 14    God:    Ignis [***...]
Gold:   665        SH:  0    Dex: 11    Spells: 12/14 levels left

rFire   + . .        a - +6 quarterstaff {venom, rC+ rN+ Str-4 Dex+2}
rCold   + . .        (no shield)
rNeg    + . .        L - +0 steam dragon scales
rPois   .            (helmet unavailable)
rElec   .            l - +0 cloak
rCorr   .            B - +1 pair of gloves
SInv    +            (no boots)
Will    ++...        G - amulet of regeneration
Stlth   ++           d - +6 ring of strength
HPRegen 1.14/turn    A - ring of willpower
MPRegen 0.14/turn

%: no passive effects
@: fiery-armoured
A: permanent stasis, dig shafts and tunnels, antennae 3, four strong arms
a: Dig, Shaft Self, Renounce Religion, Fiery Armour, Foxfire Swarm, Rising Flame


You were on level 11 of the Dungeon.
You worshipped Ignis.
Ignis was most pleased with you.
You visited 2 branches of the dungeon, and saw 12 of its levels.
You also visited: Sewer.

You collected 755 gold pieces.
You spent 90 gold pieces at shops.

Inventory:

Hand Weapons
 a - the +6 quarterstaff of Resourcefulness (weapon) {venom, rC+ rN+ Str-4 Dex+2}
   (You found it on level 8 of the Dungeon)

   Str-4:     It affects your strength (-4).
   Dex+2:     It affects your dexterity (+2).
   rC+:       It protects you from cold.
   rN+:       It protects you from negative energy.
 b - a +1 sling
 r - a -1 hand axe of flaming
Missiles
 e - 2 throwing nets
 f - 67 stones
 h - 6 boomerangs
 k - 6 poisoned darts
Armour
 l - a +0 cloak (worn)
 p - the +1 helmet "Reeghopro" {rElec Will+ MP+9 Dex-5, robin you bitch}
   (You took it off Robin on level 2 of the Dungeon)

   Dex-5:     It affects your dexterity (-5).
   rElec:     It insulates you from electricity.
   Will+:     It increases your willpower.
   MP+9:      It affects your magic capacity (+9).
 B - a +1 pair of gloves (worn)
 J - a +2 robe of fire resistance
 L - +0 steam dragon scales (worn)
Jewellery
 d - a +6 ring of strength (left hand)
 o - a ring of ice
 A - a ring of willpower (right hand)
 D - a ring of positive energy
 G - an amulet of regeneration (around neck)
 N - a ring of poison resistance
Wands
 n - a wand of flame (25)
 t - a wand of roots (7)
 y - a wand of charming (19)
 z - a wand of polymorph (25)
 I - a wand of quicksilver (18)
Scrolls
 c - a scroll of poison
 g - a scroll of acquirement {unknown}
 i - a scroll of vulnerability
 q - a scroll of immolation {unknown}
 u - a scroll of amnesia {unknown}
 v - a scroll of enchant weapon
 F - a scroll of enchant armour {unknown}
 M - a scroll of brand weapon {unknown}
 P - a scroll of fog {unknown}
Potions
 j - a potion of lignification
 m - 3 potions of curing
 s - 2 potions of mutation
 w - a potion of ambrosia
 x - 3 potions of brilliance
 C - 2 potions of might
 E - 3 potions of enlightenment
 K - a potion of magic
 O - a potion of resistance {unknown}


   Skills:
 - Level 8.0 Fighting
 - Level 4.1 Axes
 - Level 6.0 Staves
 - Level 6.0 Armour
 - Level 3.0 Dodging
 - Level 3.0 Stealth
 - Level 9.2 Unarmed Combat
 - Level 2.0 Spellcasting
 - Level 6.0 Fire Magic
 - Level 5.0 Invocations
 + Level 6.9 Evocations


You had 12 spell levels left.
You knew the following spells:

 Your Spells              Type           Power      Damage    Failure   Level
a - Scorch                Fire           36%        2d6       3%          2

Your spell library contained the following spells:

 Spells                   Type           Power      Damage    Failure   Level
 Magic Dart               Conj           4%         1d3       24%         1
 Cigotuvi's Dreadful Rot  Necr/Alch/Air  2%         N/A       34%         2
 Ensorcelled Hibernation  Hex/Ice        2%         N/A       34%         2
 Lesser Beckoning         Tloc           2%         N/A       34%         2
 Searing Ray              Conj           2%         2d4       34%         2
 Fugue of the Fallen      Necr           1%         N/A       56%         3
 Gell's Gravitas          Tloc           1%         N/A       56%         3
 Ozocubu's Armour         Ice            1%         N/A       56%         3
 Teleport Other           Tloc           1%         N/A       56%         3
 Anguish                  Hex/Necr       0%         N/A       93%         4
 Dispel Undead            Necr           1%         3d6       93%         4
 Fulminant Prism          Conj/Alch      0%         3d5       93%         4
 Manifold Assault         Tloc           1%         N/A       93%         4
 Martyr's Knell           Necr/Summ      1%         N/A       93%         4
 Death Channel            Necr           0%         N/A       100%        6


Dungeon Overview and Level Annotations

Branches:
Dungeon (11/15)            Temple (1/1) D:7           Sewer (visited)
   Lair: D:8-11         Orc: D:9-12

Altars:
Ashenzari
Cheibriados
Dithmenos
Elyvilon
Fedhas
Gozag
Hepliaklqana
Kikubaaqudgha
Makhleb
Nemelex Xobeh
Okawaru
Qazlal
Ru
Sif Muna
Trog
Uskayaw
Vehumet
Wu Jian
Xom
Yredelemnul
Zin
The Shining One

Shops:
D:5 [   D:6 (![

Annotations:
D:2 1 runed translucent door, exclusion: door, Crazy Yiuf
D:10 1 transporter
D:11 Snorg


Innate Abilities, Weirdness & Mutations

You cannot be hasted, slowed, berserked, paralysed or teleported.
You can dig through walls and to a lower floor.
You have a pair of large antennae on your head. (SInv)
Your four strong arms can wield two-handed weapons with a shield.


Message History

Snorg is moderately wounded.
The orc hits you but does no damage.
The orc is burned by your cloak of flames.
You kill the orc!
The orc warrior completely misses you.
You sock Snorg!
Snorg looks as sick as possible!
Snorg is moderately wounded.
Snorg bites you!
* * * LOW HITPOINT WARNING * * *
Snorg is burned by your cloak of flames.
Snorg is moderately wounded.
Snorg claws you but does no damage.
Snorg is burned by your cloak of flames.
Snorg is moderately wounded.
Snorg claws you!
* * * LOW HITPOINT WARNING * * *
Snorg is burned by your cloak of flames.
Snorg is heavily wounded.
The orc completely misses you.
The orc warrior hits you from afar with a +0 trident.
* * * LOW HITPOINT WARNING * * *
Unknown command.
Okay, then.
Okay, then.
Okay, then.
Aiming: Quicksilver Bolt
Press: ? - help, Shift-Dir - straight line, p - Snorg The bolt of dispelling energy hits Snorg!!
Snorg is heavily wounded.
Snorg's magical effects unravel!
The bolt of dispelling energy hits the orc warrior!
The orc warrior is severely wounded.
Snorg bites you but does no damage.
Snorg is burned by your cloak of flames.
Snorg is severely wounded.
Snorg completely misses you. Snorg claws you but does no damage.
Snorg is burned by your cloak of flames.
Snorg is severely wounded.
The orc misses you. Snorg barely misses you. Snorg closely misses you.
Snorg claws you!
You die...

....†.......................
..........................#
######..#######......[....# #..#
#...........#######
######..#######..................
.................................
.................................
########...........#####.........
########...........# #.........
...............)...#####.........
.........(.....T@.......)<.......
...........C..oo.........########
..........############...#
..........# #...# ......†...#
#...# .....C....# #...#
..........# #.... ...........
..... ....######## .... ...


You could see Snorg (berserk, extremely poisoned), a cyclops, an orc warrior and
an orc.

Vanquished Creatures
  A centaur warrior (D:9)
  A two-headed ogre (D:10)
  Pikel (D:5)
  Maurice (D:11)
  2 komodo dragons (D:11)
  Grinder (D:3)
  A hornet (D:8)
  7 slime creatures
  Sigmund (D:2)
  A wraith (D:10)
  6 yaks
  2 wyverns
  A steam dragon (D:8)
  A water moccasin (D:7)
  2 orc warriors
  An ice beast (D:6)
  3 ogres
  9 centaurs
  2 phantoms
  2 kobold brigands (D:9)
  5 bullfrogs
  4 wights (D:9)
  An electric eel (D:10)
  A bombardier beetle (D:6)
  4 hounds
  14 orc priests
  2 gnoll boudas
  A sleepcap (D:5)
  An iguana (D:5)
  10 orc wizards
  Ijyb (D:4)
  Robin (D:2)
  10 gnolls
  11 adders
  2 white imps
  7 dart slugs
  2 ribbon worms
  42 orcs
  11 ball pythons
  9 bats
  19 endoplasms
  13 giant cockroaches
  17 goblins
  8 hobgoblins
  5 jackals
  16 kobolds
  9 quokkas
  13 frilled lizards
  5 rats
  A spectral kobold (D:2)
291 creatures vanquished.

Vanquished Creatures (others)
  An orc wizard (D:7)
1 creature vanquished.

Grand Total: 292 creatures vanquished

Notes
Turn   | Place    | Note
-------+----------+-------------------------------------------
     0 | D:1      | Coaxmetal the Formicid Cinder Acolyte began the quest for
                  | the Orb.
     0 | D:1      | Reached XP level 1. HP: 18/18 MP: 2/2
   114 | D:1      | Reached XP level 2. HP: 24/24 MP: 4/4
   117 | D:1      | Learned a level 2 spell: Scorch
   687 | D:1      | Reached XP level 3. HP: 28/29 MP: 3/6
  1544 | D:2      | Found a runed translucent door.
  1545 | D:2      | Noticed Crazy Yiuf
  1586 | D:2      | Reached skill level 1 in Stealth
  1586 | D:2      | Reached XP level 4. HP: 35/35 MP: 2/7
  2184 | D:2      | Noticed Sigmund
  2196 | D:2      | Killed Sigmund
  2197 | D:2      | Reached XP level 5. HP: 23/41 MP: 1/8
  2197 | D:2      | Reached XP level 6. HP: 26/47 MP: 1/9
  2315 | D:2      | Found a faded altar of an unknown god.
  2602 | D:2      | Identified the +1 helmet "Reeghopro" {rElec Will+ MP+9
                  | Dex-5}
  2602 | D:2      | Noticed Robin
  2606 | D:2      | Killed Robin
  2915 | D:3      | Found a glowing silver altar of Zin.
  3046 | D:3      | Noticed Grinder
  3063 | D:3      | Killed Grinder
  3064 | D:3      | Reached XP level 7. HP: 21/55 MP: 1/10
  3599 | D:3      | Found a burning altar of Makhleb.
  3821 | D:4      | Found a glowing drain.
  3834 | Sewer    | Entered a sewer
  3837 | Sewer    | Reached skill level 5 in Fighting
  3993 | Sewer    | Reached skill level 1 in Evocations
  4544 | Sewer    | Reached skill level 1 in Armour
  4549 | Sewer    | Reached XP level 8. HP: 49/62 MP: 1/11
  4806 | D:4      | Found a hide-covered altar of Uskayaw.
  4994 | D:5      | Entered Level 5 of the Dungeon
  5236 | D:5      | Noticed Pikel
  5254 | D:5      | Killed Pikel
  5255 | D:5      | Reached skill level 5 in Invocations
  5255 | D:5      | Reached skill level 1 in Dodging
  5534 | D:5      | Found Hiyqyt's Antique Armour Boutique.
  5854 | D:5      | Found a sparkling altar of Nemelex Xobeh.
  5875 | D:5      | Found a basalt altar of Yredelemnul.
  5886 | D:5      | Reached XP level 9. HP: 54/68 MP: 1/12
  6244 | D:4      | Noticed Ijyb
  6264 | D:4      | Killed Ijyb
  6395 | D:4      | Reached skill level 5 in Armour
  6656 | D:4      | Found a glowing golden altar of the Shining One.
  6996 | D:6      | Found a radiant altar of Vehumet.
  7103 | D:6      | Found Keodimuk's Distillery.
  7311 | D:6      | Bought a potion of heal wounds for 50 gold pieces
  7311 | D:6      | Bought a potion of might for 40 gold pieces
  7788 | D:6      | Found Kaaf Zaod's Weapon Emporium.
  7977 | D:6      | Found an iron altar of Okawaru.
  8076 | D:6      | Found Erphink's Antique Armour Emporium.
  8645 | D:6      | Reached skill level 1 in Unarmed Combat
  8795 | D:7      | Reached skill level 2 in Unarmed Combat
  9044 | D:7      | Reached skill level 3 in Unarmed Combat
  9044 | D:7      | Reached XP level 10. HP: 75/77 MP: 5/13
  9284 | D:7      | Found a staircase to the Ecumenical Temple.
  9291 | D:7      | Reached skill level 4 in Unarmed Combat
  9592 | Temple   | Entered the Ecumenical Temple
  9832 | D:8      | Identified the +6 quarterstaff of Resourcefulness {venom,
                  | rC+ rN+ Str-4 Dex+2}
  9918 | D:8      | Reached skill level 5 in Unarmed Combat
 10196 | D:8      | Reached skill level 6 in Unarmed Combat
 11016 | D:8      | Reached skill level 1 in Staves
 11339 | D:9      | Noticed a centaur warrior
 11351 | D:9      | Killed a centaur warrior
 11489 | D:9      | Found a blossoming altar of Fedhas.
 11495 | D:9      | Found a stormy altar of Qazlal.
 11518 | D:9      | Reached skill level 5 in Staves
 11676 | D:9      | Found an ornate altar of the Wu Jian Council.
 12115 | D:9      | Reached skill level 7 in Unarmed Combat
 12115 | D:9      | Reached XP level 11. HP: 55/86 MP: 7/14
 12177 | D:9      | Found a white marble altar of Elyvilon.
 12195 | D:9      | Reached skill level 8 in Unarmed Combat
 12806 | D:10     | Entered Level 10 of the Dungeon
 12835 | D:10     | Reached skill level 9 in Unarmed Combat
 13082 | D:10     | Noticed a two-headed ogre
 13093 | D:10     | Killed a two-headed ogre
 13176 | D:10     | Found a shimmering altar of Xom.
 13354 | D:10     | Found a shadowy altar of Dithmenos.
 13383 | D:10     | Found a transporter.
 13596 | D:10     | Reached skill level 5 in Evocations
 13989 | D:11     | Noticed Maurice
 14002 | D:11     | Killed Maurice
 14118 | D:11     | Noticed Snorg
 14121 | D:11     | Noticed a cyclops
 14136 | D:11     | HP: 3/86 [orc warrior/+0 trident (5)]
 14137 | D:11     | Slain by Snorg

Illustrated notes

Levels and vault maps discovered:
D:1:      dpeg_arrival_short_road, layout_basic
D:2:      layout_loops_ring, dreamdust_ecumenical_altar_drowned_temple,
          grunt_ministairs_14, nicolae_grassy_gnolls, uniq_crazy_yiuf_cottage,
          uniq_sigmund, uniq_robin
D:3:      layout_rooms, mainiacjoe_overflow_boulevard,
          lemuel_coloured_pillars_altar, uniq_grinder
D:4:      layout_loops_ring, nicolae_uskayaw_murder_on_the_dancefloor,
          tso_oasis_becter, portal_sewer_entry_f, uniq_ijyb
D:5:      layout_basic, jmf_multi_god_temple2, serial_shops, shop,
          chequers_serial_rivers_micro_b, uniq_pikel
D:6:      layout_rooms, okawaru_gym_becter, mainiacjoe_overflow_small_starburst,
          serial_shops, nicolae_shop_scrapyard, shop,
          nicolae_inconvenience_store, chequers_jeans
D:7:      layout_rooms, minmay_temple_entry_proselytizer
D:8:      layout_cave_pods, hangedman_decor_diamond_cutter, corexii_corridor_pit
D:9:      layout_loops_ring, elyvilon_altar_5, overflow_temple_1_default,
          grunt_temple_overflow_forces_of_nature
D:10:     layout_gridville, mainiacjoe_overflow_catch_the_wave,
          chequers_big_river, nicolae_diode_basic
D:11:     layout_long_grid, due_lair_maze_entry_diamond, orc_0_dummy,
          uniq_maurice, uniq_snorg
Temple:   hellmonk_temple_rainy

Skill      XL: |  1  2  3  4  5  6  7  8  9 10 11 |
---------------+----------------------------------+-----
Spellcasting   | 2 |  2.0
Fire Magic     | 4 6 |  6.0
Stealth        | 1 2 3 |  3.0
Axes           | 4 |  4.1
Fighting       | 4 5 8 |  8.0
Evocations     | 2 6 |  6.9
Armour         | 2 4 6 |  6.0
Invocations    | 5 |  5.0
Dodging        | 1 3 |  3.0
Unarmed Combat | 3 7 9 |  9.2
Staves         | 6 |  6.0

Action                     |  1- 3 |  4- 6 |  7- 9 | 10-12 || total
---------------------------+-------+-------+-------+-------++-------
  Melee: Hand axe          |    48 |    27 |    61 |    62 ||   198
         Unarmed           |       |       |     5 |       ||     5
         Quarterstaff      |       |       |       |   138 ||   138
         Punch             |       |       |       |    14 ||    14
   Fire: Sling             |       |    19 |   181 |   134 ||   334
  Throw: Stone             |     1 |     2 |       |     1 ||     4
         Dart              |       |       |     3 |     2 ||     5
   Cast: Scorch            |    26 |    40 |   171 |   116 ||   353
 Invoke: Fiery Armour      |       |     2 |     2 |     2 ||     6
Ability: Dig               |       |       |     2 |     8 ||    10
  Evoke: Wand              |       |       |       |     3 ||     3
    Use: Scroll            |     2 |     3 |     9 |     2 ||    16
         Potion            |       |       |     1 |     2 ||     3
 Armour: Robe              |     9 |       |       |       ||     9
         Leather armour    |    20 |    23 |       |       ||    43
         Ring mail         |       |       |   113 |    37 ||   150
         Skin              |       |       |     7 |       ||     7
         Steam dragon scal |       |       |       |   208 ||   208
  Dodge: Dodged            |    42 |    27 |   101 |   158 ||   328
